 Dungeon Crawl Stone Soup version 0.24.0-123-gd5b16e6ec5 (webtiles) character file.

Game seed: 15731315537662326064, levelgen mode: deterministic

261 Norian the Conjurer (level 5, -1/28 HPs)
             Began as a Deep Elf Conjurer on Dec 22, 2019.
             Slain by a river rat (3 damage)
             ... in a sewer.
             The game lasted 00:05:28 (2367 turns).

Norian the Conjurer (Deep Elf Conjurer)             Turns: 2367, Time: 00:05:28

Health: -1/28      AC:  2    Str:  6    XL:     5   Next: 96%
Magic:  0/15       EV: 13    Int: 20    God:
Gold:   141        SH:  0    Dex: 15    Spells: 6/15 levels left

rFire    . . .     SeeInvis .   p - +0 long sword
rCold    . . .     Gourm    .   (no shield)
rNeg     . . .     Faith    +   a - +0 robe
rPois    .         Spirit   .   (no helmet)
rElec    .         Reflect  .   (no cloak)
rCorr    .         Harm     .   (no gloves)
MR       .....                  (no boots)
Stlth    ++........             k - amulet of faith
HPRegen  0.09/turn              (no ring)
MPRegen  0.14/turn              (no ring)

@: no status effects
A: no striking features
a: no special abilities


You were in a sewer.
You were hungry.

You visited 1 branch of the dungeon, and saw 3 of its levels.
You also visited: Sewer.

You collected 141 gold pieces.

Inventory:

Hand Weapons
 p - a +0 long sword (weapon)
Armour
 a - a +0 robe (worn)
Jewellery
 k - an amulet of faith (around neck)
 n - an uncursed ring of ice
 o - a +2 ring of protection {unknown}
Wands
 s - a wand of digging (4)
Scrolls
 b - 4 scrolls of identify {unknown}
 d - a scroll of magic mapping {unknown}
 e - a scroll of fear {unknown}
 f - a scroll of blinking {unknown}
 g - 2 scrolls of fog {unknown}
 h - 3 scrolls of remove curse {unknown}
 i - 2 scrolls of enchant weapon {unknown}
 m - 2 scrolls of teleportation {unknown}
Potions
 j - a potion of might {unknown}
 l - a potion of degeneration {unknown}
 q - a potion of curing {unknown}
 r - a potion of flight {unknown}
 t - a potion of heal wounds {unknown}
 u - a potion of haste {unknown}
Comestibles
 c - 8 rations


   Skills:
 - Level 2.4 Dodging
 - Level 2.4 Stealth
 + Level 5.8 Spellcasting
 + Level 6.1 Conjurations
 + Level 3.0 Hexes


You had 6 spell levels left.
You knew the following spells:

 Your Spells              Type           Power        Failure   Level  Hunger
a - Magic Dart            Conj           ####         1%          1    None
b - Iskenderun's Mystic   Conj           ####....     9%          4    ####...
c - Fulminant Prism       Conj/Hex       ###.......   16%         4    ####...

Your spell library contained the following spells:

 Spells                   Type           Power        Failure   Level  Hunger
 Searing Ray              Conj           ####..       1%          2    None
 Dazzling Spray           Conj/Hex       ###...       4%          3    ##.....
 Force Lance              Conj/Tloc      ###.....     30%         4    ####...


Dungeon Overview and Level Annotations

Branches:
Dungeon (3/15)              Sewer (1/1)

Altars:
Elyvilon
Qazlal


Message History

The river rat bites you.
* * * LOW HITPOINT WARNING * * *
Okay, then.
Casting: Magic Dart (safe; 1% risk of failure)
Confirm with . or Enter, or press ? or * to list all spells.
Aiming: Iskenderun's Mystic Blast (safe; 9% risk of failure)
Press: ? - help, Shift-Dir - straight line, f/p - river rat
Aim: a river rat (severely wounded)
The orb of energy hits the river rat!
You kill the river rat!
The orb of energy explodes!
You hear an angry hiss.
A rat comes into view.
Casting: Iskenderun's Mystic Blast (safe; 9% risk of failure)
Confirm with . or Enter, or press ? or * to list all spells.
Aiming: Iskenderun's Mystic Blast (safe; 9% risk of failure)
Press: ? - help, Shift-Dir - straight line, f - river rat
Aim: a river rat (severely wounded)
The orb of energy misses the river rat.
The river rat bites you.
You die...

. .# ## r.# .# #.# #r #.#
#.#.# #.## #.#r##
################@###########
≈≈≈.≈≈≈≈...≈...≈≈.≈≈.≈≈#≈≈≈≈
≈≈≈.≈≈≈≈≈......≈..≈≈.≈≈#≈≈≈≈
############################


You could see a river rat and a rat.

Vanquished Creatures
  An orc warrior (D:2)
  An orc priest (D:2)
  An orc wizard (D:3)
  2 adders (D:2)
  A river rat (Sewer)
  An ooze (D:1)
  A worm (D:3)
  3 dart slugs
  A leopard gecko (D:3)
  6 orcs
  5 giant cockroaches
  11 goblins
  9 hobgoblins
  A quokka (D:2)
  A ball python (Sewer)
  7 bats
  3 frilled lizards
  10 kobolds
  6 rats
71 creatures vanquished.

Notes
Turn   | Place    | Note
-------+----------+-------------------------------------------
     0 | D:1      | Norian the Deep Elf Conjurer began the quest for the Orb.
     0 | D:1      | Reached XP level 1. HP: 10/10 MP: 6/6
   106 | D:1      | Reached XP level 2. HP: 15/15 MP: 5/8
   712 | D:1      | Reached skill level 5 in Conjurations
   712 | D:1      | Reached XP level 3. HP: 19/19 MP: 7/10
  1292 | D:2      | Found a white marble altar of Elyvilon.
  1369 | D:2      | Reached XP level 4. HP: 24/24 MP: 5/12
  1375 | D:2      | Learned a level 4 spell: Iskenderun's Mystic Blast
  1380 | D:2      | Learned a level 4 spell: Fulminant Prism
  1384 | D:2      | Reached skill level 1 in Hexes
  1388 | D:2      | Noticed an orc warrior
  1464 | D:2      | Killed an orc warrior
  1464 | D:2      | Reached skill level 5 in Spellcasting
  1464 | D:2      | Reached XP level 5. HP: 28/28 MP: 1/14
  1965 | D:2      | Found a stormy altar of Qazlal.
  2206 | D:3      | Reached skill level 6 in Conjurations
  2267 | D:3      | Found a glowing drain.
  2309 | Sewer    | Entered a sewer
  2367 | Sewer    | Slain by a river rat

Levels and vault maps discovered:
D:1:      wander_arrival_lonely_grave, layout_basic, serial_bayou,
          serial_bayou_ford_a, serial_bayou_pond_d, serial_bayou_pond_a,
          serial_bayou_shore_b
D:2:      layout_loops_ring, grunt_qazlal_clouds,
          nicolae_overflow_hidden_temple, minmay_strange_pillars,
          grunt_ministairs_12
D:3:      layout_basic, gup_sewer_entry_bowl, ebering_ghost_sewer_d
Sewer:    sewer_co_cracked_pipes

Skill      XL: |  1  2  3  4  5 |
---------------+----------------+-----
Spellcasting   | 4 5 |  5.8
Conjurations   | 5 6 |  6.1
Hexes          | 2 3 |  3.0
Dodging        | |  2.4
Stealth        | |  2.4

Action                   |  1- 3 |  4- 6 || total
-------------------------+-------+-------++-------
 Cast: Magic Dart        |    80 |    62 ||   142
       Iskenderun's Myst |       |     5 ||     5
  Eat: Chunk             |     1 |     3 ||     4
Armor: Robe              |       |     1 ||     1
Dodge: Dodged            |     7 |     8 ||    15
       Rpst.: Long sword |       |     4 ||     4
